 Dungeon Crawl Stone Soup version 0.18-a0-316-gf882de5 (console) character file.

195 bli the Poker (level 5, -2/42 HPs)
             Began as a Merfolk Wanderer on Nov 27, 2015.
             Was an Initiate of Okawaru.
             Slain by bli's ghost (6 damage)
             ... on level 3 of the Dungeon.
             The game lasted 00:08:58 (2698 turns).

bli the Poker (Merfolk Wanderer)                    Turns: 2698, Time: 00:08:58

Health: -2/42      AC:  5    Str: 13    XL:     5   Next: 74%
Magic:  5/5        EV: 11    Int: 10    God:    Okawaru [......]
Gold:   164        SH:  0    Dex: 15    Spells: 0 memorised, 4 levels left

rFire  + . .     SeeInvis .     a - +2 spear
rCold  + . .     Clarity  .     c - +0 ring mail
rNeg   . . .     SustAt   .     (no shield)
rPois  +         Gourm    .     (no helmet)
rElec  +         Spirit   .     (no cloak)
rCorr  +         Warding  .     (no gloves)
rMut   .         Stasis   .     (no boots)
MR     .....                    (no amulet)
Stlth  ++........               (no ring)
                                y - ring of stealth

@: resistant, not resistant to hostile enchantments, unstealthy
A: change form in water, swift swim
a: Renounce Religion


You were on level 3 of the Dungeon.
You worshipped Okawaru.
Okawaru was noncommittal.
You were not hungry.

You visited 1 branch of the dungeon, and saw 3 of its levels.

You collected 164 gold pieces.

Inventory:

Hand Weapons
 a - a +2 spear (weapon)
 s - a +0 hunting sling
Missiles
 m - 48 stones (quivered)
Armour
 c - a +0 ring mail (worn)
 h - a +0 robe
 i - a +0 leather armour
 t - a +0 large shield
Jewellery
 u - an uncursed ring of fire
 y - a ring of stealth (left hand)
Scrolls
 b - a scroll of teleportation
 e - 3 scrolls of remove curse {unknown}
 k - 3 scrolls of identify {unknown}
 n - a scroll of amnesia {unknown}
 r - a scroll of fear {unknown}
 x - 2 scrolls of enchant armour {unknown}
Potions
 f - a potion of mutation {unknown}
 j - a potion of might {unknown}
 l - a potion of heal wounds {unknown}
 p - a potion of agility {unknown}
 q - 3 potions of resistance
 w - a potion of curing {unknown}
Comestibles
 d - 4 bread rations
 g - a beef jerky
 o - a slice of pizza


   Skills:
 * Level 3.7 Fighting
   Level 1.0 Maces & Flails
 + Level 6.3 Polearms
 - Level 1.0 Armour
 + Level 2.9 Dodging
 + Level 2.0 Stealth
 * Level 1.0 Shields
   Level 1.0 Evocations


You had 4 spell levels left.
You didn't know any spells.

Dungeon Overview and Level Annotations

Branches:
Dungeon (3/15)

Altars:
Okawaru
Ru

Annotations:
D:3 bli's ghost, amateur MfTm


Message History

Bli's ghost is severely damaged.
You hit bli's ghost.
Bli's ghost is severely damaged.
Bli's ghost barely misses you.
Drink which item? (? for menu, Esc to quit)
It was a potion of resistance.
You feel protected.
Bli's ghost wails, "I was like you once."
Bli's ghost hits you but does no damage.
Bli's ghost whispers, "There is no future for you."
You hit bli's ghost but do no damage.
Bli's ghost is severely damaged.
Bli's ghost misses you.
You closely miss bli's ghost.
Bli's ghost is severely damaged.
Bli's ghost hits you but does no damage.
Your ring mail prevents you from hitting bli's ghost.
Bli's ghost is severely damaged.
Bli's ghost hits you.
You die...

####### #<....# ###
#################.####..
#####>.................).+..
#..........##########.##.#..
#..........####### #.##.##.
#...........W....# ###...##
#..........@####.#####.....#
#.......รท...##......#.......
#####..)....#######....._...
#.#####.# ###.......
#.#####.##########.....#
#...)............##...##
#####...........####.##.
#...........# #..(.
#...........# #####
#...........# #...........#


You could see bli's ghost.

Vanquished Creatures
  An orc wizard (D:3)
  4 adders
  2 gnolls (D:2)
  4 river rats (D:2)
  An ooze (D:2)
  6 orcs (D:3)
  A ball python (D:2)
  3 bats
  A giant cockroach (D:2)
  8 hobgoblins
  5 jackals
  7 kobolds
  4 giant geckos
  4 giant newts
  12 goblins
  8 rats
71 creatures vanquished.

Notes
Turn   | Place    | Note
--------------------------------------------------------------
     0 | D:1      | bli the Merfolk Wanderer began the quest for the Orb.
     0 | D:1      | bli set off with: a +2 spear, a scroll of teleportation, a +0 ring mail, a bread ration
     0 | D:1      | Reached XP level 1. HP: 16/16 MP: 1/1
   139 | D:1      | Reached XP level 2. HP: 21/23 MP: 2/2
   493 | D:1      | Reached skill level 4 in Polearms
   493 | D:1      | Reached XP level 3. HP: 19/28 MP: 3/3
  1185 | D:2      | Reached XP level 4. HP: 35/35 MP: 4/4
  1312 | D:2      | Reached skill level 5 in Polearms
  1702 | D:2      | Reached XP level 5. HP: 41/41 MP: 5/5
  1949 | D:3      | Found an iron altar of Okawaru.
  1962 | D:3      | Became a worshipper of Warmaster Okawaru
  2062 | D:3      | Reached skill level 6 in Polearms
  2623 | D:3      | Found a sacrificial altar of Ru.
  2657 | D:3      | Noticed bli's ghost (amateur MfTm)
  2686 | D:3      | HP: 2/42 [bli's ghost (7)]
  2698 | D:3      | Slain by bli's ghost

Vault maps used:
D:1:      dpeg_arrival_more_subterranean_lakeside_camping
D:2:      wad_woods_tower
D:3:      lemuel_coloured_pillars_altar, lemuel_round_altar

Action                   |  1- 3 |  4- 6 || total
-------------------------+-------+-------++-------
Melee: Spear             |   109 |   179 ||   288
  Use: Potion            |       |     1 ||     1
 Stab: Sleeping          |       |     1 ||     1
  Eat: Chunk             |     1 |     5 ||     6
